AoeStats
← Joaquito

Arena

508254119Analyzed
2v2 RM · 10d ago on Sep 21, 2026· 40m 54s· 4 players
Game mode
Random Map
Map size
Medium (4 player)
Population
200
Speed
Normal
Resources
Standard
Victory
Conquest
Starting age
Dark Age
Ending age
Imperial Age
RankedLock teamsTeams togetherTeam positionsShared explorationLock speedFull tech treeHidden civsTurbo modeCheats
Victory
Defeat
🇨🇱 Wu · Chile
1137
+14
🇨🇱 Turks · Chile
1019
+18
🇦🇷 Armenians · Argentina
1086
-16
🇦🇷 Wu · Argentina
1072
-16
Joaquito
10:37 Feudal Age
14:47 Castle Age
14:33 Arson
16:09 Horse Collar
17:03 Double-Bit Axe
18:38 Scale Mail Armor
20:24 Forging
20:57 Squires
21:19 Gold Mining
22:46 Bow Saw
24:10 Gold Shaft Mining
25:45 Wheelbarrow
24:58 Loom
27:24 Iron Casting
27:05 Chain Mail Armor
28:39 Stone Mining
32:01 Hand Cart
35:00 Imperial Age
35:32 Town Watch
35:34 Treadmill Crane
36:05 Masonry
36:44 Plate Mail Armor
38:02 Ballistics
38:43 Chemistry
38:26 Stone Shaft Mining
39:00 Conscription
40:29 Blast Furnace
Drookns
10:51 Feudal Age
14:28 Castle Age
14:09 Double-Bit Axe
18:13 Fervor
20:15 Wheelbarrow
21:43 Loom
21:56 Horse Collar
23:14 Hand Cart
24:10 Padded Archer Armor
26:02 Bloodlines
25:53 Husbandry
26:12 Leather Archer Armor
29:32 Imperial Age
LLA | Black-Dan
0:43 Loom
11:20 Feudal Age
16:06 Castle Age
14:00 Double-Bit Axe
14:30 Horse Collar
15:40 Stone Mining
15:43 Gold Mining
16:59 Bow Saw
17:49 Heavy Plow
25:06 Wheelbarrow
26:06 Red Cliffs Tactics
26:00 Fletching
28:32 Hand Cart
28:53 Bodkin Arrow
28:59 Padded Archer Armor
31:09 Leather Archer Armor
30:58 Squires
34:05 Imperial Age
32:45 Ballistics
35:56 Chemistry
36:35 Forging
36:25 Scale Mail Armor
37:14 Arson
37:51 Conscription
38:40 Gold Shaft Mining
39:07 Iron Casting
38:47 Chain Mail Armor
41:23 Blast Furnace
LLA | El makiavelico
11:34 Feudal Age
17:04 Castle Age
15:49 Double-Bit Axe
15:46 Horse Collar
16:28 Stone Mining
16:40 Pikeman
18:11 Wheelbarrow
23:16 Man-at-Arms
23:44 Gambesons
25:25 Long Swordsman
27:30 Forging
27:33 Scale Mail Armor
27:48 Two-Handed Swordsman
29:24 Iron Casting
29:50 Champion
30:42 Heavy Plow
30:54 Bow Saw
35:03 Imperial Age
35:24 Chain Mail Armor
35:06 Gold Mining
36:48 Blast Furnace
35:59 Fletching
36:09 Padded Archer Armor
36:19 Squires
37:31 Fereters
36:48 Elite Composite Bowman
38:29 Bodkin Arrow
39:07 Plate Mail Armor
39:42 Leather Archer Armor
40:56 Bracer
Connection lost

Rejoining the realm…

Still unreachable

The connection could not be restored.

Session expired

The server has moved on; the page needs a fresh start.